Map: Bel'Shir Vestige LE (Void)

Players

PiG

  • Race: Terran Terran
  • League: Grandmaster
  • Spawn Location: 11:00

A.I. 1 (Very Easy) - Winner!

  • Race: Terran Terran
  • Spawn Location: 5:00

VOD

Have the link to the VOD?

Description

Aggressive solid TvT Opening

Time

  • Played on: Feb. 13, 2017, 12:11 a.m.
  • Length: 7:53
Show
View Real Time Build Order
Export as new Build Order

PiG Terran 

Build Orders: 1/1/1, Cyclone Opening 

Get SALT Encoding   

  12  0:01  SCV  
  13  0:13  SCV  
  14  0:18  Supply Depot  
  14  0:25  SCV  
  15  0:30  Refinery  
  15  0:39  SCV  
  16  0:44  Barracks  
  16  0:52  SCV  
  17  1:00  Refinery  
  17  1:04  SCV  
  18  1:16  SCV  
  19  1:31  Orbital Command  
  19  1:32  Reaper  
  20  1:38  Factory  
  20  1:44  Supply Depot  
  20  1:57  SCV  
  21  2:04  Reaper  
  22  2:09  SCV  
  23  2:19  Supply Depot  
  23  2:22  Cyclone  
  26  2:24  Starport  
  26  2:28  SCV  
  27  2:40  SCV  
  27  2:41  Barracks Tech Lab  
  28  2:52  SCV  
  29  3:04  SCV  
  30  3:07  Command Center  
  30  3:09  Barracks Reactor  
  30  3:15  Raven  
  30  3:16  SCV  
  35  3:20  Hellion  
  35  3:23  Supply Depot  
  35  3:28  SCV  
  36  3:40  SCV  
  37  3:47  Supply Depot  
  37  3:52  SCV  
  38  3:59  Barracks Reactor  
  38  4:09  Viking  
  40  4:10  Viking  
  40  4:11  SCV  
  40  4:15  Siege Tank  
  46  4:20  Orbital Command  
  46  4:23  SCV  
  47  4:35  SCV, Marine x2  
  50  4:45  Viking  
  54  4:47  SCV x2  
  54  4:51  Siege Tank  
  57  4:53  Marine x2  
  57  4:59  SCV x2  
  61  5:03  Barracks  
  61  5:07  Barracks, Refinery  
  61  5:08  Viking  
  61  5:11  SCV x2, Marine x2  
  67  5:16  Supply Depot  
  67  5:23  SCV  
  67  5:24  SCV  
  69  5:35  SCV  
  69  5:38  SCV, Marine x2  
  69  5:40  Siege Tank, Supply Depot  
  76  5:44  Command Center  
  76  5:48  SCV  
  77  5:50  SCV  
  77  5:51  Refinery  
  78  6:02  SCV  
  79  6:04  SCV  
  79  6:08  Supply Depot  
  79  6:10  Marine x2  
  79  6:11  Barracks Reactor, Barracks Tech Lab  
  82  6:13  Barracks  
  82  6:14  SCV  
  82  6:15  Engineering Bay, Barracks  
  82  6:16  SCV  
  82  6:18  Engineering Bay  
  84  6:26  SCV  
  84  6:27  Marine  
  84  6:29  SCV  
  87  6:34  Siege Tank  
  87  6:38  SCV  
  91  6:46  SCV  
  92  6:48  Supply Depot  
  92  6:51  Supply Depot, SCV  
  93  6:57  Orbital Command  
  93  6:58  Starport Reactor, SCV  
  93  6:59  Marine  
  93  7:00  Marine x2  
  97  7:02  Barracks Reactor  
  97  7:03  Barracks Reactor, SCV  
  98  7:11  SCV  
  98  7:12  Supply Depot  
  98  7:14  Marine x2, Supply Depot  
  98  7:15  SCV  
  102  7:17  Marine x2  
  102  7:18  Marine  
  105  7:23  Marine x2  
  105  7:24  SCV x2  
  105  7:26  Refinery  
  112  7:32  Marine x2  
  112  7:34  Armory  
  117  7:38  Supply Depot  
  117  7:42  Supply Depot  
Show
View Real Time Build Order
Export as new Build Order

A.I. 1 (Very Easy) Terran - Winner!

Build Orders:  

Get SALT Encoding   

  12  0:00  SCV  
  13  0:13  SCV  
  14  0:19  Supply Depot  
  14  0:36  Refinery  
  14  0:43  Barracks  
  14  1:04  Supply Depot  
  14  1:11  Refinery  
  14  1:28  SCV  
  14  1:29  Marine  
  16  1:41  SCV  
  17  1:53  SCV  
  18  2:01  Marine  
  18  2:05  SCV  
  20  2:17  SCV  
  21  2:29  SCV  
  22  2:32  Marine  
  23  2:41  Orbital Command  
  23  5:43  SCV  
  23  5:44  Supply Depot, Marine  
  23  5:47  Factory  
  25  5:52  Command Center  
  25  5:55  SCV  
  23  6:07  SCV  
  23  6:08  Supply Depot  
  24  6:14  Barracks Tech Lab  
  24  6:19  SCV  
  25  6:31  SCV  
  25  6:32  Starport, Marine  
  27  6:43  SCV  
  28  7:03  Marine  
  28  7:05  SCV  
  30  7:13  Starport Tech Lab, SCV  
  29  7:20  Refinery, SCV  
  29  7:22  Refinery  
  30  7:27  SCV  
  31  7:35  SCV  
Tags
 
Add a new tag
Caveats
  • Supply blocks, unpowered buildings, or Contaminate may cause inaccurate times.
  • Supply counts are checked every 10 seconds.